 Dungeon Crawl Stone Soup version 0.30-a0-137-gd8773701ce (webtiles) character file.

Game seed: 12140528799787416361

72 ImAmAmBug the Ruffian (level 4, -14/36 HPs)
             Began as a Draconian Transmuter on Sept 21, 2022.
             Was a Believer of Cheibriados.
             Killed from afar by Ijyb (17 damage)
             ... with an iceblast
             ... on level 3 of the Dungeon.
             The game lasted 00:03:28 (1696 turns).

ImAmAmBug the Ruffian (Draconian Transmuter)        Turns: 1696, Time: 00:03:29

Health: -14/36     AC:  8    Str: 19 (20) XL:     4   Next: 7%
Magic:  7/7        EV: 12    Int: 17 (18) God:    Cheibriados [**....]
Gold:   181        SH:  0    Dex: 15 (16) Spells: 3/7 levels left

rFire   . . .      SeeInvis .      - Unarmed
rCold   . . .      Faith    .    (no shield)
rNeg    . . .      Spirit   .    (body armour unavailable)
rPois   +          Reflect  .    (helmet restricted)
rElec   .          Harm     .    (no cloak)
rCorr   .          Rampage  .    (no gloves)
Will    .....                    i - +2 pair of boots
Stlth   +.........               (no amulet)
HPRegen 0.12/turn                g - ring of poison resistance
MPRegen 0.10/turn                o - ring of wizardry

@: very slow
A: AC +5, unfitting armour, cold-blooded
a: Renounce Religion, Bend Time


You were on level 3 of the Dungeon.
You worshipped Cheibriados.
Cheibriados was pleased with you.
You visited 1 branch of the dungeon, and saw 3 of its levels.

You collected 181 gold pieces.

Inventory:

Missiles
 b - a throwing net
Armour
 i - a +2 pair of boots (worn)
Jewellery
 g - a ring of poison resistance (left hand)
 o - a ring of wizardry (right hand)
Wands
 l - a wand of mindburst (12)
Scrolls
 f - 2 scrolls of noise
 j - 2 scrolls of blinking
 k - a scroll of fear
 n - a scroll of teleportation
Potions
 a - a potion of lignification
 e - a potion of flight
 h - a potion of curing


   Skills:
 + Level 2.1 Fighting
 - Level 1.7 Dodging
 * Level 4.0 Unarmed Combat
 - Level 2.0 Spellcasting
 * Level 2.8 Transmutations
 + Level 0.5 Poison Magic


You had 3 spell levels left.
You knew the following spells:

 Your Spells              Type           Power      Damage    Failure   Level
a - Beastly Appendage     Tmut           22%        N/A       2%          1
b - Spider Form           Tmut/Pois      7%         N/A       12%         3

Your spell library contained the following spells:

 Spells                   Type           Power      Damage    Failure   Level
 Wereblood                Tmut           11%        N/A       4%          2
 Ice Form                 Ice/Tmut       6%         N/A       38%         4


Dungeon Overview and Level Annotations

Branches:
Dungeon (3/15)

Altars:
Cheibriados

Annotations:
D:3 1 runed translucent door, Crazy Yiuf, Ijyb


Innate Abilities, Weirdness & Mutations

Your plain brown scales are hard. (AC +5)
You cannot fit into any form of body armour.
You are cold-blooded and may be slowed by cold attacks.


Message History

You hit Ijyb but do no damage.
Ijyb is heavily wounded.
Ijyb hits you with a +0 club.
You hit Ijyb but do no damage.
Ijyb is heavily wounded.
Ijyb hits you but does no damage.
You barely miss Ijyb.
Your tail-slap misses Ijyb.
Ijyb is heavily wounded.
Ijyb closely misses you.
You barely miss Ijyb.
Ijyb is heavily wounded.
Ijyb hits you with a +0 club.
You barely miss Ijyb. You tail-slap Ijyb, but do no damage.
Ijyb is heavily wounded.
Ijyb closely misses you.
You hit Ijyb but do no damage.
Your tail-slap misses Ijyb.
Ijyb is heavily wounded.
Ijyb hits you with a +0 club.
You hit Ijyb but do no damage.
Ijyb is heavily wounded.
Ijyb barely misses you.
You hit Ijyb but do no damage.
Ijyb is heavily wounded.
Ijyb hits you but does no damage.
Attack: -) Nothing wielded
Press: ? - help, Dir - move target, f - Ijyb
Aim: Ijyb, wielding a +0 club, wearing a +0 chain mail and carrying a wand of iceblast (9) (heavily wounded, about 38% to evade your hands)
Okay, then.
Okay, then.
Blink to where?
Press: ? - help, Dir - move target, f - you Are you sure you want to cancel this blink?
Blink to where?
Press: ? - help, Dir - move target
As you read the scroll labelled EZOUZO AGALIHU, it crumbles to dust.
It was a scroll of blinking.
Ijyb zaps a wand.
The mass of ice explodes!
The iceblast engulfs you!
* * * LOW HITPOINT WARNING * * *
Ijyb zaps a wand.
The mass of ice explodes!
The iceblast engulfs you!
You die...

####..##.#
......).J.))......
#.....##.#
>####.##.##.......
#.....##.#
####.#g§# .......
#....##...
........# .......
##.#.# .#.
#######..# ####.##
#.#.# # #.
.........# # #.#.#
######..# #[#.#
#########g.# #.#.#
#..@.......######.#
#.#.#
#.########........#
#.#.# # #
#.######## #.#.##.#
### #.# #.#....###.
..###.#
#..........# #.##.#
##.###.#####.
#....# #.# .#
#.###.#### #.# #
#...##


You could see Ijyb.

Vanquished Creatures
  A gnoll (D:1)
  An adder (D:2)
  A worm (D:2)
  A dart slug (D:1)
  2 orcs (D:3)
  3 endoplasms
  3 giant cockroaches
  4 goblins
  6 hobgoblins
  5 ball pythons
  5 bats
  3 frilled lizards
  6 kobolds
  6 rats
47 creatures vanquished.

Notes
Turn   | Place    | Note
-------+----------+-------------------------------------------
     0 | D:1      | ImAmAmBug the Draconian Transmuter began the quest for the
                  | Orb.
     0 | D:1      | Reached XP level 1. HP: 16/16 MP: 3/3
   248 | D:1      | Found a faded altar of an unknown god.
   313 | D:1      | Reached XP level 2. HP: 9/23 MP: 5/5
   382 | D:1      | Prayed at the altar of an unknown god.
   382 | D:1      | Became a worshipper of Cheibriados the Contemplative
   382 | D:1      | Reached * piety under Cheibriados
   764 | D:2      | Reached XP level 3. HP: 5/29 MP: 6/6
   947 | D:2      | Learned a level 3 spell: Spider Form
  1125 | D:2      | Reached ** piety under Cheibriados
  1552 | D:3      | Found a runed translucent door.
  1553 | D:3      | Noticed Crazy Yiuf
  1640 | D:3      | Reached skill level 4 in Unarmed Combat
  1640 | D:3      | Reached XP level 4. HP: 36/36 MP: 7/7
  1641 | D:3      | Noticed Ijyb
  1696 | D:3      | Killed from afar by Ijyb

Illustrated notes

Levels and vault maps discovered:
D:1:      dpeg_chamrin_arrival_tetris, layout_loops_ring,
          dreamdust_ecumenical_altar_angels_and_demons, minmay_tree_intersection
D:2:      layout_loops_ring
D:3:      layout_loops_ring, mainiacjoe_overflow_paths, uniq_crazy_yiuf_cottage,
          uniq_ijyb

Skill      XL: |  1  2  3 |
---------------+----------+-----
Fighting       | 2 |  2.1
Unarmed Combat | 4 |  4.0
Dodging        | |  1.7
Spellcasting   | |  2.0
Transmutations | |  2.8
Poison Magic   | |  0.5

Action                   |  1- 3 |  4- 6 || total
-------------------------+-------+-------++-------
Melee: Unarmed           |   127 |    41 ||   168
       Tailslap          |    16 |     8 ||    24
       Punch             |     1 |     1 ||     2
  Use: Scroll            |     6 |     1 ||     7
       Potion            |       |     4 ||     4
 Stab: Sleeping          |     2 |       ||     2
Armor: Skin              |    50 |    18 ||    68
Dodge: Dodged            |    75 |    28 ||   103

Table legend: (Time is in decaauts)
 A = Elapsed time spent in this place.
 B = Non-inter-level travel time spent in this place.
 C = Inter-level travel time spent in this place.
 D = Time resting spent in this place.
 E = Time spent auto-exploring this place.
 F = Levels seen in this place.
 G = Mean time per level.
                   A        B        C        D        E       F      G
               +--------+--------+--------+--------+--------+-----+--------+
         Total |   2171 |   2092 |     79 |      0 |   1652 |   3 |  723.7 |
       Dungeon |   2171 |   2092 |     79 |      0 |   1652 |   3 |  723.7 |
               +--------+--------+--------+--------+--------+-----+--------+

Top non-repeatable levels by time:
     D:2: 937 daAuts
     D:1: 867 daAuts
     D:3: 366 daAuts
